 Dungeon Crawl Stone Soup version 0.21-a0-85-ga0cb861 (webtiles) character file.

8232 nikopol the Thaumaturge (level 11, -14/56 HPs)
             Began as a Deep Elf Fire Elementalist on June 25, 2017.
             Was an Elder of Vehumet.
             Demolished by a spiny frog (17 damage)
             ... on level 1 of the Lair of Beasts.
             The game lasted 00:57:02 (12819 turns).

nikopol the Thaumaturge (DEFE)                     Turns: 12819, Time: 00:57:03

Health: -14/56     AC:  8    Str:  5    XL:     11   Next: 7%
Magic:  31/39      EV: 13    Int: 24    God:    Vehumet [****..]
Gold:   660        SH:  0    Dex: 15    Spells: 17/36 levels left

rFire    + . .     SeeInvis .   x - staff of fire
rCold    . . .     Gourm    .   (no shield)
rNeg     . . .     Faith    .   D - +3 leather armour
rPois    .         Spirit   .   (no helmet)
rElec    .         Reflect  .   s - +1 cloak {MR+}
rCorr    .         Harm     .   (no gloves)
MR       +++..                  (no boots)
Stlth    ++........             (no amulet)
HPRegen  0.18/turn              w - ring of magical power
MPRegen  0.26/turn              a - ring of protection from magic

@: lethally poisoned (-14 -> -23)
A: no striking features
a: Renounce Religion


You were on level 1 of the Lair of Beasts.
You worshipped Vehumet.
Vehumet was greatly pleased with you.
You were very hungry.

You visited 3 branches of the dungeon, and saw 12 of its levels.
You also visited: Bailey.

You collected 660 gold pieces.

Inventory:

Armour
 s - a +1 cloak of magic resistance (worn)
 D - a +3 leather armour (worn)
 E - a +1 leather armour
 G - the cursed +0 scale mail "Feuta" {rCorr, unknown}
   (You found it on level 9 of the Dungeon)

   It protects you from acid and corrosion.
   It has a curse placed upon it.
Magical Staves
 x - an uncursed staff of fire (weapon)
Jewellery
 a - a ring of protection from magic (right hand)
 m - an uncursed ring of resist corrosion
 w - a ring of magical power (left hand)
Wands
 l - a wand of iceblast (2/15)
 n - a wand of paralysis (10/24)
 u - a wand of iceblast (11/15)
Scrolls
 g - 4 scrolls of identify
 o - 2 scrolls of blinking
 p - 2 scrolls of remove curse
 q - a scroll of fog
 v - a scroll of fear
 y - a scroll of magic mapping
 A - a scroll of recharging
 I - 2 scrolls of teleportation
Potions
 d - 6 potions of brilliance
 e - 6 potions of heal wounds
 f - 9 potions of curing
 i - 3 potions of magic
 k - a potion of flight {unknown}
 r - 2 potions of might
 t - a potion of berserk rage {unknown}
 B - a potion of agility {unknown}
 C - a potion of haste {unknown}
 H - a potion of lignification {unknown}
Books
 b - a book of Flames

   Spells                             Type                      Level
   a - Flame Tongue                   Conjuration/Fire             1
   b - Throw Flame                    Conjuration/Fire             2
   c - Conjure Flame                  Conjuration/Fire             3
   d - Inner Flame                    Hexes/Fire                   3
   e - Sticky Flame                   Conjuration/Fire             4
   f - Fireball                       Conjuration/Fire             5
 F - a book of Misfortune

   Spells                             Type                      Level
   a - Confusing Touch                Hexes                        1
   b - Confuse                        Hexes                        3
   c - Gell's Gravitas                Translocation                3
   d - Petrify                        Transmutation/Earth          4
   e - Metabolic Englaciation         Hexes/Ice                    5
   f - Yara's Violent Unravelling     Hexes/Transmutation          5
Comestibles
 c - 9 bread rations
 h - 8 royal jellies
 j - 18 fruits
 z - 2 meat rations


   Skills:
 + Level 1.5 Fighting
 + Level 3.0 Armour
 + Level 4.2 Dodging
 + Level 4.0 Stealth
 + Level 13.0 Spellcasting
 + Level 9.5 Conjurations
 + Level 10.5 Fire Magic
 + Level 0.2 Evocations


You had 17 spell levels left.
You knew the following spells:

 Your Spells              Type           Power        Failure   Level  Hunger
a - Flame Tongue          Conj/Fire      #####        1%          1    None
b - Throw Flame           Conj/Fire      ######       1%          2    None
c - Conjure Flame         Conj/Fire      #######.     1%          3    None
d - Fireball              Conj/Fire      #######...   1%          5    ###....
e - Magic Dart            Conj           ####         1%          1    None
f - Ignite Poison         Fire/Tmut/Pois #####...     1%          3    None
g - Airstrike             Air            ###.......   16%         4    None


Dungeon Overview and Level Annotations

Branches:
Dungeon (10/15)            Temple (1/1) D:5            Lair (1/6) D:10
    Orc (0/2) D:10

Altars:
Ashenzari
Cheibriados
Dithmenos
Elyvilon
Fedhas
Gozag
Hepliaklqana
Kikubaaqudgha
Makhleb
Nemelex Xobeh
Okawaru
Qazlal
Ru
Sif Muna
Trog
Uskayaw
Vehumet
Wu Jian
Xom
Yredelemnul
Zin
The Shining One

Shops:
D:10 (

Annotations:
D:7 4 runed doors


Message History

You feel sick. The spiny frog stings you!!
Casting: Flame Tongue
Confirm with . or Enter, or press ? or * to list all spells.
Aiming: Flame Tongue
Press: ? - help, Shift-Dir - straight line, f/p - spiny frog
Aim: a spiny frog (severely wounded)
You feel a surge of power!
The flame tongue misses the spiny frog.
You feel sick. The spiny frog stings you!
* * * LOW HITPOINT WARNING * * *
Casting: Flame Tongue
Confirm with . or Enter, or press ? or * to list all spells.
Aiming: Throw Flame
Press: ? - help, Shift-Dir - straight line, f/p - spiny frog
Aim: a spiny frog (severely wounded)
You feel a surge of power!
The puff of flame hits the spiny frog.
The spiny frog appears unharmed.
The spiny frog is severely wounded.
* * * LOW HITPOINT WARNING * * *
You feel sick. The spiny frog stings you!
You die...

........ .... ........
...# ....#+####..##
..#..........#
............# ### ## .
..#......#..####P##.##..
..#......#..............
........................
..####.+##......@.......
...........##.#.#F......
...........######.......
...........# .......
..........# .......
........... .......
......... .......
......... .......


You could see a spiny frog.

Vanquished Creatures
  A hydra (Lair:1)
  2 two-headed ogres (D:9)
  A spiny frog (Lair:1)
  A troll (D:9)
  A hippogriff (Lair:1)
  4 yaks (Lair:1)
  A water moccasin (D:7)
  A black bear (D:8)
  6 orc warriors
  2 sky beasts
  2 ice beasts
  A necrophage (D:9)
  6 ogres
  2 phantoms
  3 wolves (D:10)
  2 centaurs (D:8)
  4 crocodiles (Lair:1)
  A big kobold (D:10)
  6 bullfrogs
  2 scorpions
  5 killer bees
  3 electric eels
  A crimson imp (D:10)
  14 hounds
  A quasit (D:7)
  5 orc priests
  A centaur skeleton (D:5)
  A gnoll shaman (D:4)
  A bullfrog skeleton (D:5)
  3 orc wizards
  Ijyb (D:5)
  An iguana (D:9)
  6 worker ants
  3 hound zombies
  A hound skeleton (D:8)
  18 gnolls
  11 adders
  A howler monkey skeleton (D:8)
  3 shadow imps
  2 oozes
  An adder skeleton (D:5)
  3 worms
  2 dart slugs (D:2)
  5 leopard geckos
  35 orcs
  A ball python (D:3)
  8 bats
  8 giant cockroaches
  15 hobgoblins
  5 jackals
  3 quokkas
  3 frilled lizards
  A giant cockroach zombie (D:5)
  15 goblins
  21 kobolds
  A leopard gecko skeleton (D:4)
  5 quokka skeletons
  6 rats
269 creatures vanquished.

Notes
Turn   | Place    | Note
-------+----------+-------------------------------------------
     0 | D:1      | nikopol the Deep Elf Fire Elementalist began the quest for the Orb.
     0 | D:1      | Reached XP level 1. HP: 10/10 MP: 6/6
   220 | D:1      | Reached XP level 2. HP: 8/15 MP: 4/8
   355 | D:1      | Learned a level 2 spell: Throw Flame
   603 | D:1      | Found a snail-covered altar of Cheibriados.
   751 | D:1      | Reached XP level 3. HP: 19/19 MP: 5/9
   756 | D:1      | Learned a level 3 spell: Conjure Flame
  1733 | D:3      | Reached XP level 4. HP: 24/24 MP: 8/11
  2106 | D:3      | Reached skill level 4 in Spellcasting
  2726 | D:4      | Noticed a phantom
  2763 | D:4      | Reached XP level 5. HP: 7/28 MP: 0/13
  2791 | D:4      | HP: 1/28 [phantom (5)]
  3107 | D:4      | Killed a phantom
  3107 | D:4      | Reached skill level 5 in Fire Magic
  3321 | D:4      | Learned a level 5 spell: Fireball
  3341 | D:4      | Reached skill level 5 in Spellcasting
  3348 | D:4      | Reached XP level 6. HP: 32/32 MP: 2/15
  4099 | D:5      | Entered Level 5 of the Dungeon
  4101 | D:5      | Got a steaming ring mail
  4112 | D:5      | Identified the cursed +1 ring mail of Weightlessness {rN++ Str-4 Slay+4} (You found it on level 5 of the Dungeon)
  4163 | D:5      | Found an iron altar of Okawaru.
  4239 | D:5      | Found a staircase to the Ecumenical Temple.
  4302 | D:5      | Noticed an ice beast
  4309 | D:5      | Killed an ice beast
  4309 | D:5      | Reached skill level 6 in Spellcasting
  4382 | D:5      | Reached skill level 1 in Armour
  4513 | D:5      | Found a deep blue altar of Sif Muna.
  4622 | D:5      | Noticed Ijyb
  4626 | D:5      | Killed Ijyb
  4713 | D:5      | Reached XP level 7. HP: 36/36 MP: 18/18
  4904 | Temple   | Entered the Ecumenical Temple
  5012 | Temple   | Became a worshipper of Vehumet
  5695 | D:5      | Reached skill level 7 in Spellcasting
  5862 | D:6      | Reached XP level 8. HP: 42/42 MP: 20/21
  5942 | D:6      | Reached skill level 8 in Spellcasting
  6001 | D:6      | Reached skill level 5 in Conjurations
  6838 | D:7      | Reached * piety under Vehumet
  6838 | D:7      | Offered knowledge of Magic Dart by Vehumet.
  6841 | D:7      | Learned a level 1 spell: Magic Dart
  7114 | D:7      | Reached skill level 9 in Spellcasting
  7196 | D:7      | Found a huge runed gate.
  7196 | D:7      | Noticed a hippogriff
  7197 | D:7      | Noticed a hippogriff
  7197 | D:7      | Found a huge runed gate.
  7197 | D:7      | Found a huge runed gate.
  7197 | D:7      | Found a huge runed gate.
  7197 | D:7      | Noticed a polar bear
  7197 | D:7      | Noticed a hippogriff
  7197 | D:7      | Noticed a polar bear
  7198 | D:7      | Noticed a polar bear
  7198 | D:7      | Noticed a polar bear
  7198 | D:7      | Noticed a hippogriff
  7200 | D:7      | Noticed a manticore
  7206 | D:7      | Found a shadowy altar of Dithmenos.
  7300 | D:7      | Found a stormy altar of Qazlal.
  7583 | D:8      | Found a shattered altar of Ashenzari.
  7792 | D:8      | Found a flagged portal.
  7808 | D:8      | Reached XP level 9. HP: 41/46 MP: 17/24
  7888 | Bailey   | Entered a bailey
  7907 | Bailey   | Reached skill level 10 in Spellcasting
  8372 | Bailey   | Reached ** piety under Vehumet
  8372 | Bailey   | Offered knowledge of Sandblast by Vehumet.
  8582 | D:8      | Identified a scroll of acquirement
  9548 | D:8      | Offered knowledge of Ignite Poison by Vehumet.
  9553 | D:8      | Learned a level 3 spell: Ignite Poison
  9627 | D:9      | Noticed a two-headed ogre
  9637 | D:9      | Killed a two-headed ogre
  9637 | D:9      | Reached skill level 11 in Spellcasting
  9710 | D:9      | Noticed a two-headed ogre
  9717 | D:9      | Killed a two-headed ogre
  9717 | D:9      | Reached skill level 1 in Fighting
  9717 | D:9      | Reached XP level 10. HP: 25/52 MP: 27/27
  9961 | D:9      | Got a jewelled scale mail
 10060 | D:9      | Reached *** piety under Vehumet
 10578 | D:10     | Entered Level 10 of the Dungeon
 10635 | D:9      | Reached skill level 12 in Spellcasting
 10768 | D:9      | Offered knowledge of Olgreb's Toxic Radiance by Vehumet.
 11461 | D:10     | Found a staircase to the Lair.
 11495 | D:10     | Found a staircase to the Orcish Mines.
 11525 | D:10     | Found Amuniwne's Antique Weapon Shoppe.
 11792 | D:10     | Reached **** piety under Vehumet
 12016 | Lair:1   | Entered Level 1 of the Lair of Beasts
 12034 | Lair:1   | Reached skill level 10 in Fire Magic
 12282 | Lair:1   | Noticed a spiny frog
 12286 | Lair:1   | Killed a spiny frog
 12506 | Lair:1   | Noticed a six-headed hydra
 12514 | Lair:1   | Killed a six-headed hydra
 12514 | Lair:1   | Reached skill level 13 in Spellcasting
 12514 | Lair:1   | Reached XP level 11. HP: 45/56 MP: 24/30
 12617 | Lair:1   | Offered knowledge of Airstrike by Vehumet.
 12633 | Lair:1   | Learned a level 4 spell: Airstrike
 12819 | Lair:1   | Demolished by a spiny frog

Vault maps used:
D:1:      dpeg_arrival_prison, cheibriados_altar_1
D:4:      minivault_1
D:5:      lemuel_blue_sif_altar, lemuel_crystal_altar,
          minmay_temple_entry_overgrown, first_bread, fountainhead, uniq_ijyb
D:6:      minivault_14, serial_bayou_pond_d
D:7:      lemuel_bear_cage, kennysheep_mini_moat, lemuel_crystal_altar,
          st_stairs_9
D:8:      nicolae_ossuary_entry_monument, enter_bailey_2, grunt_ogre_cave,
          abandoned_shop, cheibrodos_ashenzari_chains
D:10:     erik_lair_island, orc_0_dummy, serial_shops, shop
Temple:   dpeg_five_rooms_temple
Lair:1:   statuecave_lemuel, grunt_megastairs_4, infiniplex_staircase_pool,
          lemuel_fruit_tree
Bailey:   bailey_axe_2, bailey

Skill      XL: |  1  2  3  4  5  6  7  8  9 10 |
---------------+-------------------------------+-----
Fire Magic     | 4 5 6 7 9 10 | 10.5
Spellcasting   | 4 5 6 7 9 11 13 | 13.0
Conjurations   | 2 3 4 6 8 9 |  9.5
Stealth        | 3 4 |  4.0
Armour         | 1 2 3 |  3.0
Dodging        | 3 4 |  4.2
Fighting       | 1 |  1.5
Evocations     | |  0.2

Action                   |  1- 3 |  4- 6 |  7- 9 | 10-12 || total
-------------------------+-------+-------+-------+-------++-------
Melee: Staff             |       |       |     2 |       ||     2
 Cast: Flame Tongue      |    71 |   103 |   245 |   146 ||   565
       Throw Flame       |       |    19 |    49 |    41 ||   109
       Conjure Flame     |       |     6 |    22 |     3 ||    31
       Fireball          |       |       |     6 |    12 ||    18
       Magic Dart        |       |       |       |    12 ||    12
Evoke: Wand              |       |       |       |     4 ||     4
  Use: Scroll            |       |     8 |    15 |     2 ||    25
  Eat: Chunk             |     2 |    10 |    16 |     4 ||    32
       Meat ration       |       |       |       |     1 ||     1
Armor: Robe              |     4 |       |       |       ||     4
       Leather armour    |       |    10 |    11 |    23 ||    44
Dodge: Dodged            |    13 |    26 |    38 |    49 ||   126
